 Dungeon Crawl Stone Soup version 0.31.0-11-ge490571c62 (webtiles) character file.

Game seed: 10373928390670431185

1782 kSektR the Fighter (level 8, -9/79 HPs)
             Began as a Minotaur Fighter on Jan 30, 2024.
             Was an Initiate of Qazlal.
             Mangled by a hornet (11 damage)
             ... while paralysed by a hornet
             ... on level 7 of the Dungeon.
             The game lasted 00:13:50 (4494 turns).

kSektR the Fighter (Minotaur Fighter)               Turns: 4494, Time: 00:13:50

Health: -9/79      AC: 13    Str: 23    XL:     8   Next: 81%
Magic:  7/7        EV:  2    Int:  5    God:    Qazlal [......]
Gold:   248        SH:  0    Dex: 10    Spells: 7/7 levels left

rFire   . . .        a - +1 war axe
rCold   . . .        B - +0 kite shield
rNeg    . . .        i - +0 chain mail
rPois   .            (helmet restricted)
rElec   .            q - +0 cloak
rCorr   +            v - +2 pair of gloves
SInv    .            (no boots)
Will    +....        (no amulet) Stlth
                     e - ring of willpower
HPRegen 0.33/turn    C - ring of resist corrosion
MPRegen 0.10/turn

%: no passive effects
@: paralysed, slowed
A: horns 2, retaliatory headbutt
a: Renounce Religion


You were on level 7 of the Dungeon.
You worshipped Qazlal.
Qazlal was noncommittal.
You visited 1 branch of the dungeon, and saw 6 of its levels.

You collected 268 gold pieces.
You spent 20 gold pieces at shops.

Inventory:

Hand Weapons
 a - a +1 war axe (weapon)
Missiles
 r - 6 poisoned darts (quivered)
 y - a throwing net
Armour
 i - a +0 chain mail (worn)
 q - a +0 cloak (worn)
 v - a +2 pair of gloves (worn)
 B - a +0 kite shield (worn)
Jewellery
 e - a ring of willpower (left hand)
 C - a ring of resist corrosion (right hand)
Wands
 p - a wand of light (7)
Scrolls
 b - a scroll of amnesia {unknown}
 c - a scroll of revelation {unknown}
 h - a scroll of enchant armour {unknown}
 l - a scroll of blinking {unknown}
 m - 2 scrolls of noise {unknown}
 o - a scroll of fear {unknown}
 s - a scroll of enchant weapon
 u - a scroll of immolation {unknown}
 w - a scroll of teleportation {unknown}
 x - 4 scrolls of fog
Potions
 d - 3 potions of might
 f - 2 potions of cancellation
 j - 3 potions of lignification {unknown}
 k - 4 potions of brilliance {unknown}
 n - a potion of invisibility
 t - a potion of resistance {unknown}
 z - 3 potions of degeneration {unknown}
 A - a potion of berserk rage {unknown}


   Skills:
 - Level 10.0 Fighting
 + Level 8.5 Axes
 - Level 3.6 Armour
 + Level 6.8 Shields


You had 7 spell levels left.
You didn't know any spells.
Your spell library contained the following spells:

 Spells                   Type           Power      Damage    Failure   Level
 Apportation              Tloc           0%         N/A       99%         1
 Necrotise                Necr           0%         1d4       99%         1
 Sting                    Conj/Alch      0%         1d3       99%         1
 Summon Small Mammal      Summ           0%         N/A       99%         1
 Scorch                   Fire           0%         2d5       100%        2
 Flame Wave               Conj/Fire      0%         2d4       100%        4
 Summon Blazeheart Golem  Fire/Summ      0%         N/A       100%        4
 Summon Cactus Giant      Summ           0%         N/A       100%        6
 Orb of Destruction       Conj           0%         9d5       100%        7
 Spellforged Servitor     Conj/Summ      0%         N/A       100%        7


Dungeon Overview and Level Annotations

Branches:
Dungeon (7/15)             Temple (0/1) D:6

Altars:
Ashenzari
Cheibriados
Elyvilon
Nemelex Xobeh
Qazlal

Shops:
D:1 (?!(


Innate Abilities, Weirdness & Mutations

You have a pair of horns on your head.
You reflexively headbutt those who attack you in melee.


Message History

* * * LOW HITPOINT WARNING * * *
You are poisoned.
You feel as though you will be slow longer.
You block the hornet's attack. The hornet stings you.
* * * LOW HITPOINT WARNING * * *
You are lethally poisoned!
You feel as though you will be slow longer.
You feel better. The hornet closely misses you. The hornet stings you!
* * * LOW HITPOINT WARNING * * *
You are poisoned.
You suddenly lose the ability to move!
You feel very sick. The hornet stings you!
* * * LOW HITPOINT WARNING * * *
You are more poisoned.
You feel as though you will be slow longer.
The hornet completely misses you.
You can move again.
You feel better.
The hornet stings you but does no damage.
You block the hornet's attack.
You barely miss the hornet. Your headbutt misses the hornet.
The hornet is heavily wounded.
The hornet stings you.
* * * LOW HITPOINT WARNING * * *
You feel as though you will be slow longer.
The hornet barely misses you. You block the hornet's attack.
You hit the hornet but do no damage.
The hornet is heavily wounded.
The hornet stings you but does no damage.
You block the hornet's attack.
You hit the hornet.
The hornet is severely wounded.
The hornet barely misses you. The hornet stings you!
* * * LOW HITPOINT WARNING * * *
You suddenly lose the ability to move!
The hornet stings you!
* * * LOW HITPOINT WARNING * * *
You feel as though you will be slow longer.
The hornet stings you!
You die...

##...##
#.....####...(...
####......... .....
..........###......
#####......... ...
#......##.####....
#.###..........#.#######
#.#.............y...>..#
#.#.#..........#@.......
#..............#.......#
####...........#.#####..
#.<........>#.# ##
#.#.#.........# .#
#.#.........#.# .#
#.............#####.# .#
#..###......#.......# .#
#..###....######.####


You could see a hornet.

Vanquished Creatures
  3 water moccasins
  3 ice beasts
  2 ogres
  2 bullfrogs (D:7)
  A scorpion (D:6)
  3 wights
  5 hounds
  A bombardier beetle (D:5)
  2 iguanas
  5 sleepcaps
  3 orc wizards
  8 gnolls
  6 adders
  3 shadow imps
  A white imp (D:6)
  2 ufetubi (D:6)
  A dart slug (D:5)
  14 orcs
  3 endoplasms
  2 giant cockroaches
  3 goblins
  4 hobgoblins
  4 jackals (D:5)
  5 quokkas
  3 ball pythons
  7 bats
  2 frilled lizards (D:2)
  6 kobolds
  4 rats
108 creatures vanquished.

Notes
Turn   | Place    | Note
-------+----------+-------------------------------------------
     0 | D:1      | kSektR the Minotaur Fighter began the quest for the Orb.
     0 | D:1      | Reached XP level 1. HP: 19/19 MP: 0/0
    14 | D:1      | Found Jotibloh's Distillery.
   128 | D:1      | Reached skill level 4 in Fighting
   192 | D:1      | Reached XP level 2. HP: 12/27 MP: 1/1
   308 | D:1      | Found Xetuoxug's Weapon Shop.
   338 | D:1      | Found Nijezor's Magic Scroll Shop.
   470 | D:1      | Bought a scroll of identify for 20 gold pieces
   736 | D:1      | Found a faded altar of an unknown god.
   746 | D:1      | Prayed at the altar of an unknown god.
   746 | D:1      | Became a worshipper of Elyvilon the Healer
   746 | D:1      | Reached * piety under Elyvilon
   949 | D:1      | Found Nerah's Antique Weapon Boutique.
  1188 | D:2      | Reached XP level 3. HP: 33/34 MP: 2/2
  1283 | D:2      | Reached ** piety under Elyvilon
  1359 | D:2      | Reached skill level 5 in Fighting
  1485 | D:2      | You fall into a shaft and drop 2 floors!
  1516 | D:4      | Reached XP level 4. HP: 35/42 MP: 3/3
  1747 | D:4      | Reached skill level 6 in Fighting
  1747 | D:4      | Reached XP level 5. HP: 23/50 MP: 4/4
  1853 | D:4      | Found a snail-covered altar of Cheibriados.
  1860 | D:4      | Found a sparkling altar of Nemelex Xobeh.
  1985 | D:4      | Reached *** piety under Elyvilon
  2030 | D:5      | Entered Level 5 of the Dungeon
  2030 | D:5      | Noticed an ogre
  2044 | D:4      | Killed an ogre
  2045 | D:4      | Reached skill level 7 in Fighting
  2045 | D:4      | Reached XP level 6. HP: 18/60 MP: 5/5
  2303 | D:5      | Reached skill level 5 in Axes
  2320 | D:5      | Found a broken altar of Ashenzari.
  2511 | D:5      | Noticed a water moccasin
  2548 | D:5      | Killed a water moccasin
  2549 | D:5      | Reached skill level 8 in Fighting
  2549 | D:5      | Reached XP level 7. HP: 61/68 MP: 6/6
  2865 | D:5      | Reached **** piety under Elyvilon
  3332 | D:5      | Reached skill level 9 in Fighting
  3706 | D:5      | Reached XP level 8. HP: 69/76 MP: 7/7
  3738 | D:6      | Found a staircase to the Ecumenical Temple.
  3820 | D:6      | Found a stormy altar of Qazlal.
  3845 | D:6      | Noticed an air elemental
  3850 | D:6      | Fell from the grace of Elyvilon
  3850 | D:6      | Became a worshipper of Qazlal Stormbringer
  3957 | D:6      | Reached skill level 10 in Fighting
  3957 | D:6      | Reached skill level 5 in Shields
  4475 | D:7      | Noticed a hornet
  4481 | D:7      | Paralysed by a hornet for 1 turns
  4488 | D:7      | Paralysed by a hornet for 2 turns
  4493 | D:7      | Paralysed by a hornet for 3 turns
  4493 | D:7      | HP: 2/79 [hornet (7)]
  4494 | D:7      | Mangled by a hornet

Illustrated notes

Levels and vault maps discovered:
D:1:      nzn_arrival_water_spiral, layout_basic, serial_shops, shop, shop,
          shop, shop, dreamdust_ecumenical_altar_hidden_monk_grotto
D:2:      layout_basic, minmay_diced_spiral
D:4:      layout_rooms, mainiacjoe_overflow_big_doors, minmay_misc_feat_alley
D:5:      layout_cave_pools, nicolae_ashenzari_panopticon,
          serial_co_window_serial, co_window_corner_a, co_window_corner_a,
          co_window_corner_a, co_window_of_opportunity_a, co_window_corner_a,
          co_window_paths_a, co_window_of_opportunity_c,
          co_window_unsneaky_path_d, co_window_2corner,
          co_window_unsneaky_path_c, co_window_4corner_b, glass_columns_a,
          glass_columns_a, glass_columns_a, glass_columns_c, glass_columns_a,
          minmay_misc_feat_roman
D:6:      layout_rooms, nicolae_qazlal_style_of_elements, temple_pool_b,
          nrook_mini_vaults, hangedman_decor_lopped, skrybe_limestone_x,
          minmay_chambers_of_fives
D:7:      layout_loops_ring

Skill      XL: |  1  2  3  4  5  6  7  8 |
---------------+-------------------------+-----
Fighting       | 4 5 6 7 8 9 10 | 10.0
Axes           | 3 4 5 6 8 |  8.5
Shields        | 4 6 |  6.8
Armour         | |  3.6

Action                     |  1- 3 |  4- 6 |  7- 9 || total
---------------------------+-------+-------+-------++-------
  Melee: War axe           |    60 |     2 |    69 ||   131
         Headbutt          |     6 |     7 |    27 ||    40
         Falchion          |       |    42 |    76 ||   118
  Throw: Dart              |       |       |     2 ||     2
    Use: Scroll            |     3 |     1 |     1 ||     5
         Potion            |       |     2 |     3 ||     5
 Armour: Scale mail        |    19 |       |       ||    19
         Chain mail        |    38 |    45 |   182 ||   265
  Dodge: Dodged            |    32 |    28 |    60 ||   120
  Block: Buckler           |     1 |       |       ||     1
         Kite shield       |       |       |    76 ||    76
